 Dungeon Crawl Stone Soup version 0.30-a0-652-gcc886f7154 (webtiles) character file.

Game seed: 16562195489318248564

84 Newt the Shooter (level 4, -3/29 HPs)
             Began as a Kobold Hunter on Jan 17, 2023.
             Slain by Robin
             ... wielding a +0 club
              (5 damage)
             ... on level 2 of the Dungeon.
             The game lasted 00:02:09 (1749 turns).

Newt the Shooter (Kobold Hunter)                    Turns: 1749, Time: 00:02:09

Health: -3/29      AC:  4    Str:  6 (8)  XL:     4   Next: 72%
Magic:  0/4        EV: 14    Int:  8 (10) God:
Gold:   91         SH:  0    Dex: 17 (20) Spells: 3/3 levels left

rFire   . . .      SeeInvis .    a - +0 shortbow
rCold   . . .      Faith    .    (shield currently unavailable)
rNeg    . . .      Spirit   +    c - +0 leather armour
rPois   .          Reflect  .    (no helmet)
rElec   .          Harm     .    i - +0 cloak
rCorr   .          Rampage  .    (no gloves)
Will    +....                    (no boots)
Stlth   +++                      f - amulet of guardian spirit
HPRegen 0.24/turn                (no ring)
MPRegen 0.09/turn                (no ring)

@: attractive
A: small, no large weapons, nightstalker 3, strong-willed 1
a: no special abilities


You were on level 2 of the Dungeon.
You visited 1 branch of the dungeon, and saw 2 of its levels.

You collected 91 gold pieces.

Inventory:

Hand Weapons
 a - a +0 shortbow (weapon)
Armour
 c - a +0 leather armour (worn)
 i - a +0 cloak (worn)
Jewellery
 f - an amulet of guardian spirit (around neck)
Scrolls
 b - a scroll of immolation
Potions
 g - a potion of mutation


   Skills:
 - Level 4.0 Fighting
 + Level 5.9 Ranged Weapons
 - Level 2.4 Dodging
 - Level 3.0 Stealth


You had 3 spell levels left.
You didn't know any spells.
Your spell library was empty.

Dungeon Overview and Level Annotations

Branches:
Dungeon (2/15)

Altars:

Annotations:
D:2 Robin


Innate Abilities, Weirdness & Mutations

You are small and have problems with some larger weapons.
You are completely attuned to the shadows.
You are strong-willed. (Will+)


Message History

The hobgoblin hits you but does no damage.
As you read the scroll of fog, it crumbles to dust.
The scroll dissolves into smoke.
Robin roars a battlecry!
The hobgoblin goes into a battle-frenzy!
The goblin misses you. The goblin closely misses you. The hobgoblin misses you.
Unknown command.
You shoot an arrow. The arrow hits the goblin.
The goblin is heavily wounded.
Robin hits you with a +0 club.
* * * LOW HITPOINT WARNING * * *
The goblin hits you with a +0 club.
* * * LOW HITPOINT WARNING * * *
The hobgoblin closely misses you. The goblin closely misses you.
You shoot an arrow. The arrow hits the goblin!
You kill the goblin!
The goblin misses you. The hobgoblin barely misses you.
Robin hits you with a +0 club.
* * * LOW HITPOINT WARNING * * *
The goblin misses you.
Things that are here:
a +0 dagger; a goblin corpse Unknown command.
There is an open door here.
Unknown command.
You shoot an arrow. The arrow hits the hobgoblin.
You kill the hobgoblin!
You shoot an arrow. The arrow hits the goblin!
You kill the goblin!
The goblin no longer looks unusually strong.
The goblin closely misses you.
You shoot an arrow. The arrow misses the goblin.
The goblin hits you with a +0 club.
* * * LOW HITPOINT WARNING * * *
You shoot an arrow. The arrow hits the goblin!
You kill the goblin!
You shoot an arrow. The arrow hits Robin.
Robin is lightly wounded.
Robin hits you with a +0 club.
You die...

#.........#.........##.#.#.####.
#.(.....###.........##.#.#<.#.#.
#.......# #.........##.#.#.##.#.
#.......# #.........##.#......#.
##.......#
#.........##.#.#.##.#.
.........#
#...§.....##.#.#....#.
###......#
#..§§.§...##.###.#..#. #......#
#..§§§§.............#. ########
#####@######.###..###.
#########g# #.# #......
#......§§§# #.###)#####
##......§§§# #......#
#.......§§§##########..#
#......)...............#
##.....)...###########..#
#..........# ...# #..........#
....#


You could see Robin.

Vanquished Creatures
  An adder (D:2)
  A worm (D:2)
  A dart slug (D:2)
  7 bats
  5 endoplasms
  A giant cockroach (D:1)
  13 goblins
  5 hobgoblins
  10 jackals (D:1)
  4 kobolds
  A quokka (D:2)
  3 ball pythons
  4 frilled lizards
  6 rats
62 creatures vanquished.

Notes
Turn   | Place    | Note
-------+----------+-------------------------------------------
     0 | D:1      | Newt the Kobold Hunter began the quest for the Orb.
     0 | D:1      | Reached XP level 1. HP: 12/12 MP: 1/1
    61 | D:1      | Reached XP level 2. HP: 17/17 MP: 2/2
   464 | D:1      | Reached XP level 3. HP: 8/23 MP: 3/3
  1220 | D:2      | Gained mutation: You are strong-willed. (Will+) [potion of
                  | mutation]
  1287 | D:2      | Reached XP level 4. HP: 29/29 MP: 4/4
  1727 | D:2      | Noticed Robin
  1742 | D:2      | HP: 1/29 [Robin/+0 club (2)]
  1747 | D:2      | HP: 1/29 [goblin/+0 club[Robin] (1)]
  1749 | D:2      | Slain by Robin

Illustrated notes

Levels and vault maps discovered:
D:1:      mrwooster_arrival_statue_2, layout_rooms, minmay_misc_feat_tiny,
          minmay_misc_feat_ornament, minmay_misc_feat_square
D:2:      layout_basic, uniq_robin

Skill      XL: |  1  2  3  4 |
---------------+-------------+-----
Stealth        | 2 3 |  3.0
Fighting       | 3 4 |  4.0
Ranged Weapons | |  5.9
Dodging        | |  2.4

Action                   |  1- 3 |  4- 6 || total
-------------------------+-------+-------++-------
 Fire: Shortbow          |    93 |    41 ||   134
  Use: Scroll            |     5 |     1 ||     6
       Potion            |     1 |     3 ||     4
Armor: Leather armour    |    23 |     7 ||    30
Dodge: Dodged            |    71 |    35 ||   106

Table legend: (Time is in decaauts)
 A = Elapsed time spent in this place.
 B = Non-inter-level travel time spent in this place.
 C = Inter-level travel time spent in this place.
 D = Time resting spent in this place.
 E = Time spent auto-exploring this place.
 F = Levels seen in this place.
 G = Mean time per level.
                   A        B        C        D        E       F      G
               +--------+--------+--------+--------+--------+-----+--------+
         Total |   1786 |   1766 |     20 |    545 |    961 |   2 |  893.0 |
       Dungeon |   1786 |   1766 |     20 |    545 |    961 |   2 |  893.0 |
               +--------+--------+--------+--------+--------+-----+--------+

Top non-repeatable levels by time:
     D:1: 928 daAuts
     D:2: 858 daAuts
